 Dungeon Crawl Stone Soup version 0.31-a0-188-g5e087ee2ca (webtiles) character file.

Game seed: 16922993950897613130

123 qw the Skirmisher (level 4, -1/25 HPs)
             Began as a Deep Elf Hunter on June 22, 2023.
             Killed from afar by Natasha (2 damage)
             ... with a magic dart
             ... on level 2 of the Dungeon.
             The game lasted 00:00:25 (703 turns).

qw the Skirmisher (Deep Elf Hunter)                  Turns: 703, Time: 00:00:26

Health: -1/25      AC:  3    Str:  8 (10) XL:     4   Next: 80%
Magic:  6/6        EV: 12    Int: 14      God:
Gold:   94         SH:  0    Dex: 18      Spells: 3/3 levels left

rFire   . . .        Y - +0 shortbow
rCold   . . .        (shield currently unavailable)
rNeg    . . .        c - +0 leather armour
rPois   .            (no helmet)
rElec   .            (no cloak)
rCorr   .            (no gloves)
SInv    .            (no boots)
Will    .....        (no amulet)
Stlth   ++           (no ring)
HPRegen 0.24/turn    (no ring)
MPRegen 0.10/turn

%: no passive effects
@: no status effects
A: no striking features
a: no special abilities


You were on level 2 of the Dungeon.
You visited 1 branch of the dungeon, and saw 2 of its levels.

You collected 94 gold pieces.


   Skills:
 - Level 1.5 Fighting
 + Level 8.2 Ranged Weapons
 - Level 2.4 Dodging
 - Level 1.2 Stealth


You had 3 spell levels left.
You didn't know any spells.
Your spell library was empty.

Inventory:

Hand Weapons
 Y - a +0 shortbow (weapon)
Armour
 c - a +0 leather armour (worn)
 e - a +0 ring mail
Scrolls
 a - a scroll of identify
Potions
 b - a potion of mutation {unknown}
 d - 2 potions of curing
 f - a potion of lignification {unknown}
 g - a potion of brilliance {unknown}
 i - a potion of invisibility {unknown}

Dungeon Overview and Level Annotations

Branches:
Dungeon (2/15)

Altars:

Annotations:
D:2 Natasha


Message History

Enter note:
Enter note:
Enter note: You shoot an arrow.
Natasha hisses angrily.
The arrow hits Natasha.
Natasha is lightly wounded.
Natasha casts a spell.
You shoot an arrow. The arrow hits the cerulean imp.
The cerulean imp is heavily wounded.
Natasha mumbles some strange words.
You shoot an arrow.
The arrow closely misses the cerulean imp.
Natasha casts a spell.
You shoot an arrow. The arrow hits the cerulean imp.
The cerulean imp is heavily wounded.
You shoot an arrow. The arrow misses the cerulean imp.
The cerulean imp misses you.
You shoot an arrow.
The arrow barely misses the cerulean imp.
The cerulean imp misses you.
The cerulean imp hits you from afar with a +3 spear!
The cerulean imp closely misses you.
You shoot an arrow. The arrow misses the cerulean imp.
The cerulean imp hits you from afar with a +3 spear.
The cerulean imp hits you from afar with a +1 spear.
You shoot an arrow. The arrow hits the cerulean imp.
The cerulean imp is almost dead.
The cerulean imp hits you from afar with a +3 spear.
The cerulean imp hits you but does no damage.
You shoot an arrow. The arrow hits Natasha!
Natasha is severely wounded.
Natasha closely misses you. The cerulean imp closely misses you.
The cerulean imp hits you from afar with a +0 spear.
The cerulean imp hits you from afar with a +1 spear.
You shoot an arrow. The arrow hits Natasha.
Natasha is almost dead.
Natasha stares at you and mumbles some strange words.
The magic dart hits you.
You die...

.##..........#####..# ##.....
....###.)...... .# #.....
...........#... ..#######.....
...........### #.............
...#.(..#.....# .......#......
.............".# ## ####........
..###.#.#.###.55 .#########.....
#)###.#.......5.##...............
#.).#...#......h@.######...#.....
###....######.#...............###
#>..)....####.##.###..#..)..#.###
..###.#.........................#
#####.#...#.########....###.....>
........#...# ###.##.# #.#.#..
..........#..#####...##.###.#..#.
................................#
.....####.........##########.....


You could see Natasha and 3 cerulean imps.

Vanquished Creatures
  Natasha (D:2)
  An adder (D:2)
  7 gnolls (D:2)
  2 ball pythons (D:1)
  2 endoplasms
  3 goblins
  A quokka (D:1)
  3 bats
  3 kobolds (D:1)
  3 rats
26 creatures vanquished.

Notes
Turn   | Place    | Note
-------+----------+-------------------------------------------
     0 | D:1      | qw the Deep Elf Hunter began the quest for the Orb.
     0 | D:1      | Reached XP level 1. HP: 12/12 MP: 3/3
     0 | D:1      | 0 ||| qw: Version: 0.3-a-9-g12657ce
     0 | D:1      | 0 ||| qw: Game counter: 2863
     0 | D:1      | 0 ||| qw: Always use a shield: true
     0 | D:1      | 0 ||| qw: God list: Okawaru
     0 | D:1      | 0 ||| qw: Allow faded altars: false
     0 | D:1      | 0 ||| qw: Do Orc after D:15 true
     0 | D:1      | 0 ||| qw: Do second Lair branch before Depths: true
     0 | D:1      | 0 ||| qw: Lair rune preference: random
     0 | D:1      | 0 ||| qw: Plans: Normal
     0 | D:1      | 0 ||| PLANNING D:1-11
   150 | D:1      | Reached skill level 6 in Ranged Weapons
   150 | D:1      | Reached XP level 2. HP: 16/16 MP: 4/4
   335 | D:1      | Found a faded altar of an unknown god.
   375 | D:1      | 375 ||| READING 3 scrolls labelled DIRAMO JOOMNE.
   376 | D:1      | 376 ||| READING scroll labelled VUUXIE PEUCHOQIM.
   377 | D:1      | 377 ||| DRINKING 2 fizzy brown potions.
   378 | D:1      | 378 ||| DRINKING 3 metallic orange potions.
   385 | D:1      | 385 ||| READING 2 scrolls of identify.
   385 | D:1      | 385 ||| IDENTIFYING orange potion
   386 | D:1      | 386 ||| DROPPING scroll of butterflies.
   387 | D:1      | 387 ||| DROPPING potion of degeneration.
   388 | D:1      | 388 ||| DROPPING 2 potions of ambrosia.
   505 | D:2      | Reached XP level 3. HP: 20/20 MP: 5/5
   524 | D:2      | Reached skill level 7 in Ranged Weapons
   576 | D:2      | Reached XP level 4. HP: 22/25 MP: 6/6
   676 | D:2      | Noticed Natasha
   680 | D:2      | Killed Natasha
   681 | D:2      | Reached skill level 8 in Ranged Weapons
   693 | D:2      | Noticed Natasha
   702 | D:2      | HP: 5/25 [cerulean imp/+0 spear[Natasha] (3)]
   702 | D:2      | HP: 1/25 [cerulean imp/+1 spear[Natasha] (4)]
   703 | D:2      | Killed from afar by Natasha

Levels and vault maps discovered:
D:1:      nzn_arrival_water_spiral, layout_rooms,
          shapermc_ecumenical_altar_mp_urbaneastern, minmay_tetromino_t2
D:2:      layout_rooms, corexii_shack, uniq_natasha

Skill      XL: |  1  2  3  4 |
---------------+-------------+-----
Ranged Weapons | 6 7 8 |  8.2
Fighting       | |  1.5
Dodging        | |  2.4
Stealth        | |  1.2

Action                     |  1- 3 |  4- 6 || total
---------------------------+-------+-------++-------
   Fire: Shortbow          |    61 |    30 ||    91
    Use: Scroll            |     3 |       ||     3
         Potion            |     2 |       ||     2
 Armour: Leather armour    |     3 |     2 ||     5
  Dodge: Dodged            |     4 |    13 ||    17

Table legend:
 A = Non-vault XP
 B = Vault XP
 C = Vault XP percentage of total XP
 D = Non-vault monster count
 E = Vault monster count
 F = Vault count percentage of total count
                 A         B        C        D         E       F
            +---------+---------+-------+---------+---------+-------
      Total |     137 |      40 |  22.6 |      23 |       3 |  11.5
            +---------+---------+-------+---------+---------+-------
        D:1 |      15 |       4 |  21.1 |      10 |       2 |  16.7
        D:2 |     122 |      36 |  22.8 |      13 |       1 |   7.1
            +---------+---------+-------+---------+---------+-------
